 Dungeon Crawl Stone Soup version 0.25-a0-460-g4f2eb97ec1 (webtiles) character file.

Game seed: 9655775255420189157, levelgen mode: deterministic

5 ReteAZ the Ducker (level 1, -1/20 HPs)
             Began as a Gnoll Wanderer on Feb 3, 2020.
             Slain by a rat (2 damage)
             ... on level 1 of the Dungeon.
             The game lasted 00:00:25 (62 turns).

ReteAZ the Ducker (Gnoll Wanderer)                    Turns: 62, Time: 00:00:25

Health: -1/20      AC:  2    Str: 15    XL:     1   Next: 80%
Magic:  2/2        EV: 14    Int: 13    God:
Gold:   0          SH:  0    Dex: 14    Spells: 0/0 levels left

rFire    . . .     SeeInvis .   a - +2 quarterstaff
rCold    . . .     Gourm    .   (shield currently unavailable)
rNeg     . . .     Faith    .   c - +0 robe
rPois    .         Spirit   .   (no helmet)
rElec    .         Reflect  .   (no cloak)
rCorr    .         Harm     .   (no gloves)
MR       .....                  (no boots)
Stlth    +++.......             (no amulet)
HPRegen  0.06/turn              (no ring)
MPRegen  0.08/turn              (no ring)

@: no status effects
A: distributed training, fangs 1, strong nose
a: no special abilities


You were on level 1 of the Dungeon.
You were not hungry.

You visited 1 branch of the dungeon, and saw 1 of its levels.

Inventory:

Hand Weapons
 a - a +2 quarterstaff (weapon)
 d - a +0 dagger
Armour
 c - a +0 robe (worn)
Scrolls
 e - a scroll of fog {unknown}
 g - a scroll of identify {unknown}
Potions
 b - 2 potions of curing
Comestibles
 f - a ration


   Skills:
 + Level 4.4 Fighting
 + Level 0.1 Short Blades
 + Level 2.4 Long Blades
 + Level 0.1 Axes
 + Level 0.1 Maces & Flails
 + Level 0.1 Polearms
 + Level 4.4 Staves
 + Level 0.1 Slings
 + Level 0.1 Bows
 + Level 0.1 Crossbows
 + Level 0.1 Throwing
 + Level 0.1 Armour
 + Level 4.4 Dodging
 + Level 4.0 Stealth
 + Level 0.1 Shields
 + Level 0.1 Unarmed Combat
 + Level 0.1 Spellcasting
 + Level 0.1 Conjurations
 + Level 0.1 Hexes
 + Level 0.1 Charms
 + Level 0.1 Summonings
 + Level 0.1 Necromancy
 + Level 0.1 Translocations
 + Level 0.1 Transmutations
 + Level 0.1 Fire Magic
 + Level 0.1 Ice Magic
 + Level 0.1 Air Magic
 + Level 0.1 Earth Magic
 + Level 0.1 Poison Magic
 + Level 0.2 Invocations
 + Level 2.4 Evocations


You couldn't memorise any spells.
You didn't know any spells.
Your spell library was empty.

Dungeon Overview and Level Annotations

Branches:
Dungeon (1/15)

Altars:


Innate Abilities, Weirdness & Mutations

Your experience applies equally to all skills.
You have very sharp teeth.
Your uncanny sense of smell can sniff out nearby items.


Message History

The bat barely misses you. The bat hits you but does no damage.
The bat misses you. The bat misses you. The bat barely misses you.
The bat closely misses you. The bat misses you. The bat barely misses you.
The bat closely misses you. The bat hits you but does no damage.
The bat misses you. The bat completely misses you. The bat misses you.
The bat barely misses you. x2
The bat closely misses you. The bat hits you.
* * * LOW HITPOINT WARNING * * *
The bat closely misses you. The bat misses you. The bat closely misses you.
The bat misses you. The bat hits you but does no damage. The rat bites you.
You die...

.####............!..####.
........†...........##..
.........###...........#
........## ##......?.###
........# #........#
........## ##........#
.........###g........#
..........r..........#
...###....@b...###...#
..# ##.......## #..# ..
#...<...# ..# #.......#
.# #.........#
...............
......###...... .....#
#..... ..... .....


You could see a hobgoblin, a bat and a rat.

Vanquished Creatures
  A dart slug (D:1)
  A hobgoblin (D:1)
  A jackal (D:1)
3 creatures vanquished.

Notes
Turn   | Place    | Note
-------+----------+-------------------------------------------
     0 | D:1      | ReteAZ the Gnoll Wanderer began the quest for the Orb.
     0 | D:1      | ReteAZ set off with the following items: a +2 quarterstaff,
                  | 2 potions of curing, a +0 robe, a +0 dagger, a ration
     0 | D:1      | Reached XP level 1. HP: 20/20 MP: 2/2
    39 | D:1      | HP: 1/20 [bat (1)]
    58 | D:1      | HP: 1/20 [bat (1)]
    62 | D:1      | Slain by a rat

Levels and vault maps discovered:
D:1:      minmay_arrival_four_circles, layout_rooms, minmay_unequal

Action                   || total
-------------------------++-------
Melee: Quarterstaff      ||     7
       Bite              ||     2
Armor: Robe              ||    11
Dodge: Dodged            ||    53

Table legend:
 A = Non-vault XP
 B = Vault XP
 C = Vault XP percentage of total XP
 D = Non-vault monster count
 E = Vault monster count
 F = Vault count percentage of total count
                 A         B        C        D         E       F
            +---------+---------+-------+---------+---------+-------
      Total |       6 |       2 |  25.0 |       2 |       1 |  33.3
            +---------+---------+-------+---------+---------+-------
        D:1 |       6 |       2 |  25.0 |       2 |       1 |  33.3
            +---------+---------+-------+---------+---------+-------
